 Dungeon Crawl Stone Soup version 0.28.0-47-ge53b351184 (webtiles) character file.

Game seed: 9783663270940576849

4724 Faeu the Fighter (level 10, 0/81 HPs)
             Began as a Minotaur Fighter on May 10, 2022.
             Was a Believer of Hepliaklqana.
             Slain by an orc knight
             ... wielding a +0 glaive
              (8 damage)
             ... in a bailey.
             The game lasted 00:40:43 (9097 turns).

Faeu the Fighter (Minotaur Fighter)                 Turns: 9097, Time: 00:40:44

Health: 0/81       AC: 19    Str: 24      XL:     10   Next: 22%
Magic:  9/9        EV:  8    Int:  2 (5)  God:    Hepliaklqana [**....]
Gold:   339        SH:  0    Dex:  8 (11) Spells: 9/9 levels left

rFire   . . .      SeeInvis .   u - +4 dire flail (protect) {mace}
rCold   . . .      Faith    .   (shield currently unavailable)
rNeg    . . .      Spirit   .   D - +0 plate armour
rPois   .          Reflect  .   (helmet restricted)
rElec   .          Harm     .   k - +0 cloak
rCorr   .          Rampage  .   (no gloves)
Will    .....                   s - +0 pair of boots
Stlth   ..........              f - amulet of regeneration {@e2}
HPRegen 1.03/turn               (no ring)
MPRegen 0.11/turn               (no ring)

@: mighty, under a protective aura
A: reduced essence, horns 2, retaliatory headbutt, deformed body, subdued magic
1
a: Renounce Religion, Ancestor Life: Knight, Ancestor Life: Battlemage, Ancestor
Life: Hexer, Recall Ancestor, Ancestor Identity


You were in a bailey.
You worshipped Hepliaklqana.
Hepliaklqana was pleased with you.
You visited 2 branches of the dungeon, and saw 9 of its levels.
You also visited: Sewer and Bailey.

You collected 339 gold pieces.


Innate Abilities, Weirdness & Mutations

Your life essence is reduced to manifest your ancestor. (-10% HP)
You have a pair of horns on your head.
You reflexively headbutt those who attack you in melee.
Armour fits poorly on your strangely shaped body.
Your spells are a little easier to cast, but a little less powerful.


   Skills:
 + Level 9.3 Fighting
 - Level 3.5(6.0) Axes
 + Level 7.6(8.0) Maces & Flails
 + Level 9.3 Armour
 - Level 5.7 Dodging
 + Level 9.3 Shields


You had 9 spell levels left.
You didn't know any spells.
Your spell library contained the following spells:

 Spells                   Type           Power      Damage    Failure   Level
 Blink                    Tloc           0%         N/A       100%        2
 Lesser Beckoning         Tloc           0%         N/A       100%        3
 Ozocubu's Armour         Ice            0%         N/A       100%        3
 Petrify                  Tmut/Erth      0%         N/A       100%        4
 Manifold Assault         Tloc           0%         N/A       100%        5
 Metabolic Englaciation   Hex/Ice        0%         N/A       100%        5
 Statue Form              Tmut/Erth      0%         N/A       100%        6
 Ozocubu's Refrigeration  Ice            0%         4d5       100%        7

Inventory:

Hand Weapons
 a - a +0 war axe {axe}
 i - a +2 falchion of holy wrath {long}
   (You took it off Eustachio on level 5 of the Dungeon)
 l - a +1 short sword of venom {short}
   (You found it on level 1 of the Dungeon)
 u - a +4 dire flail of protection (weapon) {mace}
   (You found it on level 4 of the Dungeon)
 w - the +2 mace of Meumulef {flame, Will+, mace}
   (You found it on level 3 of the Dungeon)

   It burns those it strikes, dealing additional fire damage.
   Will:      It increases your willpower.
 C - the +6 dagger of True Grit {vamp, rElec Int+4, short}
   (You found it on level 4 of the Dungeon)

   It occasionally heals its wielder for a portion of the damage dealt when it
   wounds a living foe.
   Int:       It affects your intelligence (+4).
   rElec:     It insulates you from electricity.
 Q - a +1 hand axe of flaming {axe}
   (You took it off an orc on level 6 of the Dungeon)
Missiles
 n - 6 javelins (quivered) {throwing}
 y - 12 poisoned darts {throwing}
 T - 4 throwing nets {=f!fthrowing}
Armour
 c - a +0 buckler
 k - a +0 cloak (worn)
   (You found it on level 5 of the Dungeon)
 s - a +0 pair of boots (worn)
   (You found it on level 2 of the Dungeon)
 D - a +0 plate armour (worn)
   (You found it on level 4 of the Dungeon)
 P - a +0 ring mail of cold resistance
   (You found it on level 6 of the Dungeon)
 R - a +1 leather armour of cold resistance
   (You found it on level 6 of the Dungeon)
 S - a +2 scale mail of fire resistance
   (You took it off Harold on level 7 of the Dungeon)
Jewellery
 f - an amulet of regeneration (around neck) {@e2}
   (You found it on level 1 of the Dungeon)
 x - a ring of fire
   (You found it on level 3 of the Dungeon)
 O - an amulet of reflection
   (You found it on level 6 of the Dungeon)
Wands
 A - a wand of flame (59)
   (You found it on level 3 of the Dungeon)
 J - a wand of mindburst (16)
   (You found it on level 5 of the Dungeon)
 L - a wand of acid (12)
   (You found it on level 5 of the Dungeon)
 M - a wand of iceblast (9)
   (You found it on level 6 of the Dungeon)
 N - a wand of paralysis (14)
   (You found it on level 6 of the Dungeon)
Scrolls
 b - a scroll of magic mapping {!r}
 j - a scroll of holy word
 m - 2 scrolls of immolation {!r!r}
 p - a scroll of vulnerability {!r!r}
 z - a scroll of amnesia
 B - 2 scrolls of teleportation {@r4}
 I - a scroll of fear {unknown}
 K - a scroll of brand weapon {unknown}
Potions
 e - 3 potions of resistance
 g - 2 potions of ambrosia
 h - 3 potions of magic
 o - 3 potions of attraction {!q}
 q - 2 potions of curing {@q1}
 r - 2 potions of invisibility {unknown}
 t - 5 potions of haste {@q3}
 v - 3 potions of lignification {!q}
 E - 2 potions of mutation {!q}
 F - 3 potions of cancellation
 G - 4 potions of flight
 H - a potion of berserk rage {unknown}

Dungeon Overview and Level Annotations

Branches:
Dungeon (8/15)             Temple (1/1) D:5           Sewer (visited)
 Bailey (1/1)
   Lair: D:8-11

Altars:
Ashenzari
Cheibriados
Dithmenos
Elyvilon
Fedhas
Gozag
Hepliaklqana
Kikubaaqudgha
Makhleb
Nemelex Xobeh
Okawaru
Qazlal
Ru
Sif Muna
Trog
Uskayaw
Vehumet
Wu Jian
Xom
Yredelemnul
Zin
The Shining One

Annotations:
D:5 Menkaure

####### ####
##.....######## .....
####.......#....@#.....o
..)#).##...'....)o..#
...)))8....'.....'.o....
...#..##...'.....'..#...
####.).....#.....#......
##.....#########.....
####### #####


You could see an orc knight and an orc (strong).


Message History

😕 HP[+1]
You impale the orc!!
You kill the orc!
The orc hits you but does no damage. x2 😕 HP[+1]
The orc barely misses you. x2; You furiously retaliate!
You headbutt the orc.
You see here a +0 halberd {polearm}. 😕 HP[+1]
You hit the orc.
You kill the orc!
The orc barely misses you. 😕 HP[+1]
The orc closely misses you.
Zolin hits the orc!
The orc dies! 😕 HP[+1]
You see here a +0 halberd {polearm}. 😕 HP[+1] 😕 HP[+1]
You see here a +0 trident {polearm}. 😕 HP[+1]
You see here a +0 halberd {polearm}. 😕 HP[+1]
There is an open gate here.
An orc comes into view. It is wielding a +0 war axe. 😎 HP[+11]
You closely miss the orc. Your headbutt misses the orc.
The orc closely misses you.
The orc barely misses Zolin.
You barely miss the orc. You closely miss the orc knight.
Zolin closely misses the orc knight.
You bludgeon the orc knight!!
Your weapon exudes an aura of protection.
Your headbutt misses the orc knight.
The orc knight hits Zolin with a +0 glaive!!
Zolin hits the orc knight but does no damage.
You hit the orc knight.
The orc knight barely misses Zolin.
Zolin hits the orc knight but does no damage.
You closely miss the orc knight.
The orc knight roars a battlecry!
You puncture the orc knight!
Zolin hits the orc knight.
The orc knight hits Zolin with a +0 glaive!
Zolin is destroyed!
You bludgeon the orc knight!! Your headbutt misses the orc knight.
You closely miss the orc knight.
The orc knight roars a battlecry!
The orc knight goes into a battle-frenzy!
You completely miss the orc knight. Your headbutt misses the orc knight.
The orc knight roars a battlecry!
The orc knight goes into a battle-frenzy!
The orc closely misses you. You furiously retaliate!
You headbutt the orc!
You kill the orc!
You hear a shout!
You completely miss the orc knight. The orc knight barely misses you.
The orc knight roars a battlecry!
You hit the orc knight. The orc knight closely misses you.
You thump the orc knight!
You kill the orc knight!
You closely miss the orc knight. The orc knight completely misses you.
You closely miss the orc knight. Your headbutt misses the orc knight.
The orc knight barely misses you.
You closely miss the orc knight. The orc knight barely misses you.
You puncture the orc knight!
Your weapon exudes an aura of protection.
You headbutt the orc knight, but do no damage.
You closely miss the orc knight.
The orc knight hits you with a +0 glaive. 😕 HP[-5]
You take 5 damage, and now have 76/81 hp.
You hit the orc knight. Your headbutt misses the orc knight.
The orc knight hits you with a +0 glaive! 😕 HP[-14]
You take 14 damage, and now have 62/81 hp.
You hit the orc knight but do no damage.
You headbutt the orc knight.
The orc knight hits you with a +0 glaive!!!
* * * LOW HITPOINT WARNING * * *
😨 HP[-38]
You take 38 damage, and now have 24/81 hp.
MASSIVE DAMAGE!! (PAUSE)
You feel very mighty all of a sudden.
The orc knight roars a battlecry!
An orc comes into view. It is wielding a +0 spear. 😨 HP[+1]
You sock the orc knight! You headbutt the orc knight!
The orc knight hits you but does no damage. 😨 HP[+1]
You puncture the orc knight! Your headbutt misses the orc knight.
The orc knight barely misses you.
You closely miss the orc knight.
The orc knight no longer looks unusually strong.
The orc knight barely misses you. 😨 HP[+1]
You puncture the orc knight!
The orc knight hits you with a +0 glaive!!
* * * LOW HITPOINT WARNING * * *
😱 HP[-20]
You take 20 damage, and now have 7/81 hp.
MASSIVE DAMAGE!! (PAUSE)
You completely miss the orc knight.
The orc knight hits you with a +0 glaive!
You die...

Skill      XL: |  1  2  3  4  5  6  7  8  9 10 |
---------------+-------------------------------+-----
Fighting       | 4 5 6 7 8 9 |  9.3
Axes           | 3 |  3.5
Armour         | 4 5 6 7 8 9 |  9.3
Dodging        | 1 2 3 4 5 |  5.7
Shields        | 4 5 6 7 8 9 |  9.3
Maces & Flails | 1 2 3 5 7 |  7.6

Action                   |  1- 3 |  4- 6 |  7- 9 | 10-12 || total
-------------------------+-------+-------+-------+-------++-------
Melee: War axe           |    43 |    13 |       |       ||    56
       Headbutt          |     3 |    15 |    52 |    13 ||    83
       Mace              |       |    47 |   131 |       ||   178
       Short sword       |       |    14 |       |       ||    14
       Dagger            |       |    31 |    17 |       ||    48
       Dire flail        |       |       |   160 |    70 ||   230
Evoke: Wand              |       |       |     4 |       ||     4
  Use: Scroll            |       |       |    14 |     1 ||    15
       Potion            |       |       |     7 |     3 ||    10
Armor: Scale mail        |    22 |    21 |       |       ||    43
       Plate armour      |       |    13 |   223 |    47 ||   283
Dodge: Dodged            |    20 |    49 |   114 |    54 ||   237
Block: Buckler           |    13 |    23 |    37 |       ||    73
       Other             |       |       |    16 |     7 ||    23

Levels and vault maps discovered:
D:1:      lightli_arrival_statue_moat, layout_basic,
          shapermc_ecumenical_altar_mp_highgroup
D:2:      wad_pebble_path, layout_basic, minmay_strange_pillars,
          minmay_pentomino_q4, uniq_natasha
D:3:      layout_basic, hangedman_decor_riveting, uniq_sigmund
D:4:      layout_loops_corners, uniq_edmund, uniq_duvessa
D:5:      layout_cave_pods, temple_green, portal_sewer_entry_f,
          minmay_curled_crystal, minmay_joined_circles, uniq_eustachio,
          uniq_blork_the_orc, uniq_menkaure
D:6:      layout_loops_ring, kennysheep_slug_shrine, kennysheep_cross_room
D:7:      layout_cave_pools, minivault_14, uniq_harold
D:8:      layout_basic, serial_bayou, serial_bayou_pond_c, serial_bayou_pond_d,
          serial_bayou_pond_b, serial_bayou_shore_b, enter_bailey_2,
          uniq_maggie, uniq_joseph
Temple:   nicolae_temple_the_god_donut
Bailey:   bailey_polearm_5, bailey

Notes
Turn   | Place    | Note
-------+----------+-------------------------------------------
     0 | D:1      | Faeu the Minotaur Fighter began the quest for the Orb.
     0 | D:1      | Reached XP level 1. HP: 19/19 MP: 0/0
     0 | D:1      | magus.rc [v1.9.6]
   293 | D:1      | Found a faded altar of an unknown god.
   300 | D:1      | Reached XP level 2. HP: 26/27 MP: 1/1
   446 | D:1      | magus.rc [v1.9.6]
   732 | D:2      | You pick up a book of Spatial Translocations and begin
                  | reading...
   732 | D:2      | You add the spells Blink, Lesser Beckoning and Manifold
                  | Assault to your library.
   744 | D:2      | Noticed Natasha
   753 | D:2      | Killed Natasha
   754 | D:2      | Reached skill level 4 in Fighting
   754 | D:2      | Reached skill level 3 in Axes
   754 | D:2      | Reached skill level 4 in Armour
   754 | D:2      | Reached skill level 1 in Dodging
   754 | D:2      | Reached skill level 4 in Shields
   754 | D:2      | Reached XP level 3. HP: 20/33 MP: 2/2
   939 | D:2      | Noticed Natasha
   945 | D:2      | Killed Natasha
   946 | D:2      | Reached XP level 4. HP: 40/40 MP: 3/3
   956 | D:2      | Noticed Natasha
  1028 | D:2      | Killed Natasha
  1285 | D:2      | Reached skill level 2 in Dodging
  1762 | D:3      | You pick up a book of Sloth and begin reading...
  1762 | D:3      | You add the spells Petrify, Metabolic Englaciation and
                  | Statue Form to your library.
  1819 | D:3      | Identified the +2 mace of Meumulef {flame, Will+}
  1966 | D:3      | Noticed Sigmund
  1997 | D:3      | Killed Sigmund
  1998 | D:3      | Reached skill level 1 in Maces & Flails
  1998 | D:3      | Reached XP level 5. HP: 47/47 MP: 4/4
  1998 | D:3      | Reached XP level 6. HP: 55/55 MP: 5/5
  2561 | D:4      | Reached skill level 5 in Shields
  2583 | D:4      | Noticed Edmund
  2697 | D:4      | Reached skill level 2 in Maces & Flails
  2697 | D:4      | Reached skill level 5 in Armour
  2870 | D:4      | Identified the +6 dagger of True Grit {vamp, rElec Int+4}
  2950 | D:4      | Reached skill level 5 in Fighting
  2991 | D:4      | Reached skill level 3 in Dodging
  3246 | D:4      | Noticed Dowan
  3259 | D:4      | Noticed Duvessa
  3262 | D:4      | Killed Dowan
  3263 | D:4      | Reached XP level 7. HP: 61/61 MP: 6/6
  3272 | D:4      | HP: 15/61 [Duvessa/+0 short sword (7)]
  3273 | D:4      | HP: 7/61 [Duvessa/+0 short sword (1)]
  3278 | D:4      | Killed Duvessa
  3846 | D:4      | Noticed Edmund
  3846 | D:4      | Edmund changed into Edmund the bullfrog
  3849 | D:4      | Killed Edmund the bullfrog
  3850 | D:4      | Reached skill level 4 in Dodging
  4250 | D:5      | Entered Level 5 of the Dungeon
  4292 | D:5      | Reached skill level 6 in Armour
  4292 | D:5      | Reached skill level 6 in Shields
  4293 | D:5      | HP: 13/62 [something (6)]
  4296 | D:5      | HP: 5/62 [something (2)]
  4296 | D:5      | HP: 1/62 [something (2)]
  4624 | D:5      | Found a glowing drain.
  4641 | Sewer    | Entered a sewer
  4664 | Sewer    | Reached skill level 6 in Fighting
  5162 | D:5      | Reached skill level 3 in Maces & Flails
  5167 | D:5      | Reached XP level 8. HP: 64/70 MP: 7/7
  5326 | D:5      | Noticed Blork the orc
  5352 | D:5      | Killed Blork the orc
  5379 | D:5      | Reached skill level 4 in Maces & Flails
  5379 | D:5      | Reached skill level 5 in Dodging
  5451 | D:5      | Found a staircase to the Ecumenical Temple.
  5457 | Temple   | Entered the Ecumenical Temple
  5717 | Temple   | Became a worshipper of Hepliaklqana the Forgotten
  5758 | D:5      | Noticed Eustachio
  5778 | D:5      | Killed Eustachio
  5779 | D:5      | Reached skill level 7 in Fighting
  5779 | D:5      | Reached skill level 7 in Armour
  5779 | D:5      | Reached skill level 7 in Shields
  6108 | D:5      | Noticed Menkaure
  6372 | D:6      | Reached skill level 5 in Maces & Flails
  6372 | D:6      | Reached XP level 9. HP: 78/79 MP: 8/8
  6759 | D:6      | Found a snail-covered altar of Cheibriados.
  7189 | D:7      | You add the spells Ozocubu's Armour and Ozocubu's
                  | Refrigeration to your library.
  7198 | D:7      | Reached * piety under Hepliaklqana
  7482 | D:7      | Noticed Harold
  7501 | D:7      | Killed Harold
  7502 | D:7      | Reached skill level 8 in Fighting
  7502 | D:7      | Reached skill level 6 in Maces & Flails
  7502 | D:7      | Reached skill level 8 in Armour
  7502 | D:7      | Reached skill level 8 in Shields
  7761 | D:7      | Gained mutation: Your body sometimes deteriorates upon
                  | taking damage. [potion of mutation]
  7762 | D:7      | Lost mutation: Your body sometimes deteriorates upon taking
                  | damage. [potion of mutation]
  7762 | D:7      | Gained mutation: Your spells are a little easier to cast,
                  | but a little less powerful. [potion of mutation]
  7762 | D:7      | Gained mutation: Armour fits poorly on your strangely
                  | shaped body. [potion of mutation]
  8106 | D:8      | Found a flagged portal.
  8110 | D:8      | Noticed a two-headed ogre
  8117 | D:8      | Killed a two-headed ogre
  8118 | D:8      | Reached skill level 7 in Maces & Flails
  8152 | D:8      | HP: 5/73 [orc wizard/puff of flame (14)]
  8158 | D:8      | HP: 10/73 [water moccasin (3)]
  8160 | D:8      | Reached XP level 10. HP: 10/81 MP: 9/9
  8283 | D:8      | HP: 14/81 [electric eel/bolt of electricity (8)]
  8285 | D:8      | HP: 2/81 [electric eel/bolt of electricity (6)]
  8290 | D:8      | HP: 4/81 [orc warrior/+0 dire flail (9)]
  8295 | D:8      | Reached ** piety under Hepliaklqana
  8298 | Bailey   | Entered a bailey
  8744 | Bailey   | Reached skill level 9 in Fighting
  8744 | Bailey   | Reached skill level 9 in Shields
  8758 | Bailey   | Reached skill level 9 in Armour
  8997 | Bailey   | Noticed an orc knight
  8998 | Bailey   | Noticed an orc knight
  9081 | Bailey   | Killed an orc knight
  9096 | Bailey   | HP: 7/81 [orc knight/+0 glaive (21)]
  9097 | Bailey   | Slain by an orc knight

Vanquished Creatures
  Harold (D:7)
  A two-headed ogre (D:8)
  An orc knight (Bailey)
  Sigmund (D:3)
  Eustachio (D:5)
  A steam dragon (D:7)
  Duvessa (D:4)
  A water moccasin (D:8)
  2 ice beasts
  5 orc warriors
  A sky beast (D:5)
  A necrophage (D:5)
  2 ogres (D:5)
  A phantom (D:4)
  Blork the orc (D:5)
  3 scorpions (D:5)
  A wyvern zombie (D:5)
  2 bullfrogs
  Dowan (D:4)
  An electric eel (D:7)
  2 jellies
  2 howler monkeys
  6 hounds
  2 centaur skeletons
  An orc priest (D:4)
  An iguana (D:6)
  Natasha (thrice) (D:2)
  2 orc wizards
  A scorpion zombie (D:5)
  12 adders
  4 gnolls (D:4)
  2 river rats (Sewer)
  A white imp (D:5)
  An ufetubus (D:6)
  An adder skeleton (D:4)
  2 worms
  3 dart slugs
  39 orcs
  5 endoplasms
  5 giant cockroaches
  3 goblins
  5 hobgoblins
  7 quokkas
  12 ball pythons
  4 bats
  9 frilled lizards
  8 kobolds
  13 rats
185 creatures vanquished.

Vanquished Creatures (collateral kills)
  2 orcs (Bailey)
2 creatures vanquished.

Vanquished Creatures (others)
  7 ancestors
  6 plants (D:8)
13 creatures vanquished.

Grand Total: 200 creatures vanquished

Table legend:
 A = Non-vault XP
 B = Vault XP
 C = Vault XP percentage of total XP
 D = Non-vault monster count
 E = Vault monster count
 F = Vault count percentage of total count
                 A         B        C        D         E       F
            +---------+---------+-------+---------+---------+-------
      Total |    3053 |    3696 |  54.8 |     110 |      77 |  41.2
            +---------+---------+-------+---------+---------+-------
        D:1 |      18 |       0 |   0.0 |      12 |       0 |   0.0
        D:2 |     104 |      40 |  27.8 |      13 |       4 |  23.5
        D:3 |      90 |     212 |  70.2 |      21 |       1 |   4.5
        D:4 |     279 |     294 |  51.3 |      26 |       3 |  10.3
        D:5 |     693 |     826 |  54.4 |      13 |      15 |  53.6
        D:6 |     513 |       4 |   0.8 |      14 |       1 |   6.7
        D:7 |     499 |     878 |  63.8 |       6 |       1 |  14.3
        D:8 |     857 |     145 |  14.5 |       5 |       1 |  16.7
      Sewer |       0 |     114 | 100.0 |       0 |      25 | 100.0
     Bailey |       0 |    1183 | 100.0 |       0 |      26 | 100.0
            +---------+---------+-------+---------+---------+-------

Illustrated notes

Table legend:
 A = Kills in this place as a percentage of kills in entire the game.
 B = Kills by you in this place as a percentage of kills by you in the entire game.
 C = Kills by friends in this place as a percentage of kills by friends in the entire game.
 D = Other kills in this place as a percentage of other kills in the entire game.
 E = Experience gained in this place as a percentage of experience gained in the entire game.
 F = Experience gained in this place divided by the number of levels of this place that you have seen.
                   A       B       C       D       E      F
               +-------+-------+-------+-------+-------+----------------------
         Total | 100.0 | 100.0 | 100.0 |   N/A | 100.0 | 613.5
       Dungeon |  72.7 |  73.5 |   0.0 |   N/A |  80.8 | 681.5
         Sewer |  13.4 |  13.5 |   0.0 |   N/A |   1.7 | 114.0
        Bailey |  13.9 |  13.0 | 100.0 |   N/A |  17.5 | 1183.0
               +-------+-------+-------+-------+-------+----------------------

Table legend: (Time is in decaauts)
 A = Elapsed time spent in this place.
 B = Non-inter-level travel time spent in this place.
 C = Inter-level travel time spent in this place.
 D = Time resting spent in this place.
 E = Time spent auto-exploring this place.
 F = Levels seen in this place.
 G = Mean time per level.
                   A        B        C        D        E       F      G
               +--------+--------+--------+--------+--------+-----+--------+
         Total |   9218 |   9054 |    164 |   1717 |   4497 |  11 |  838.0 |
       Dungeon |   7625 |   7483 |    142 |   1194 |   3968 |   8 |  953.1 |
        Temple |    284 |    262 |     22 |      0 |    221 |   1 |  284.0 |
         Sewer |    515 |    515 |      0 |      0 |    241 |   1 |  515.0 |
        Bailey |    793 |    793 |      0 |    523 |     66 |   1 |  793.0 |
               +--------+--------+--------+--------+--------+-----+--------+

Top non-repeatable levels by time:
     D:4: 2032 daAuts
     D:2: 1194 daAuts
     D:7: 1055 daAuts
     D:5: 972 daAuts
     D:3: 912 daAuts
  Bailey: 793 daAuts
     D:6: 732 daAuts
   Sewer: 515 daAuts
     D:1: 487 daAuts
  Temple: 284 daAuts
     D:8: 238 daAuts
